 Dungeon Crawl Stone Soup version 0.22-a0-135-g6f012ad (webtiles) character file.

151710 kuniqs the Convoker (level 16, -14/97 HPs)
             Began as a Deep Elf Summoner on Feb 2, 2018.
             Was a High Priest of Sif Muna.
             Killed from afar by Arachne (39 damage)
             ... with a bolt of poison
             ... on level 3 of the Spider Nest.
             The game lasted 02:02:03 (34467 turns).

kuniqs the Convoker (Deep Elf Summoner)            Turns: 34467, Time: 02:02:04

Health: -14/97     AC: 18    Str: 10    XL:     16   Next: 71%
Magic:  16/46      EV: 19    Int: 30    God:    Sif Muna [*****.]
Gold:   1609       SH:  9    Dex: 18    Spells: 2/46 levels left

rFire    . . .     SeeInvis .   R - staff of energy {!a}
rCold    . . .     Gourm    .   J - +0 buckler
rNeg     . . .     Faith    .   b - +3 leather armour of the Ancient Deaths {rElec Str+5 Int-2}
rPois    .         Spirit   .   k - +2 helmet
rElec    +         Reflect  +   V - +2 cloak {MR+}
rCorr    .         Harm     .   i - +2 pair of gloves {Dex+3}
MR       ++...                  a - +2 pair of boots
Stlth    +++++.....             y - +4 amulet of reflection
HPRegen  0.26/turn              f - ring of magical power
MPRegen  0.30/turn              N - +4 ring of intelligence

@: lethally poisoned (-14 -> -37), divine energy
A: no striking features
}: 1/15 runes: decaying
a: Stop Divine Energy, Channel Magic, Forget Spell, Renounce Religion


You were on level 3 of the Spider Nest.
You worshipped Sif Muna.
Sif Muna was extremely pleased with you.
You were not hungry.

You visited 6 branches of the dungeon, and saw 31 of its levels.
You also visited: Ossuary, Bailey, Ice Cave and Volcano.

You collected 3623 gold pieces.
You spent 2014 gold pieces at shops.

Inventory:

Hand Weapons
 E - the +9 dagger "Mucro" {freeze, rC+ Int+3}
   (You bought it in a shop on level 14 of the Dungeon)

   It has been specially enchanted to freeze those struck by it, causing extra
   injury to most foes and up to half again as much damage against particularly
   susceptible opponents.
   It can also slow down cold-blooded creatures.
   It affects your intelligence (+3).
   It protects you from cold.
 H - the +7 hand axe "Ydukyta" {freeze, MR+ Str+4, !a}
   (You found it on level 11 of the Dungeon)

   It has been specially enchanted to freeze those struck by it, causing extra
   injury to most foes and up to half again as much damage against particularly
   susceptible opponents.
   It can also slow down cold-blooded creatures.
   It affects your strength (+4).
   It affects your resistance to hostile enchantments.
Armour
 a - a +2 pair of boots (worn)
 b - the +3 leather armour of the Ancient Deaths (worn) {rElec Str+5 Int-2}
   (You found it on level 5 of the Lair of Beasts)

   It affects your strength (+5).
   It affects your intelligence (-2).
   It insulates you from electricity.
 i - a +2 pair of gloves of dexterity (worn)
 k - a +2 helmet (worn)
 J - a +0 buckler (worn)
 V - a +2 cloak of magic resistance (worn)
Magical Staves
 u - an uncursed staff of fire {!a}
 R - an uncursed staff of energy (weapon) {!a}
 S - an uncursed staff of power {!a}
Jewellery
 f - a ring of magical power (left hand)
 y - a +4 amulet of reflection (around neck)
 N - a +4 ring of intelligence (right hand)
 O - an uncursed ring of see invisible
Wands
 l - a wand of iceblast (28)
 s - a wand of acid (17)
 G - a wand of digging (5)
 K - a wand of paralysis (14)
 T - a wand of enslavement (16)
Scrolls
 g - 9 scrolls of teleportation
 h - 2 scrolls of magic mapping
 j - 2 scrolls of fear
 n - 3 scrolls of immolation
 o - 12 scrolls of remove curse {@r2}
 q - 18 scrolls of identify {@r1}
 t - a scroll of blinking
 x - 3 scrolls of holy word
 z - 7 scrolls of fog
 F - 8 scrolls of amnesia
 Q - 2 scrolls of enchant armour
Potions
 d - 5 potions of mutation
 e - 2 potions of brilliance
 m - 8 potions of curing {@q1}
 r - 6 potions of heal wounds
 w - 4 potions of magic
 A - 2 potions of agility
 C - 8 potions of haste
 D - 2 potions of cancellation
 I - 6 potions of resistance
 L - 3 potions of invisibility
 Y - 3 potions of flight
Books
 p - Sif Muna's Almanac of Doomed Aid
   (Sif Muna gifted it to you on level 3 of the Spider Nest)

   Spells                             Type                      Level
   a - Sublimation of Blood           Necromancy                   2
   b - Vampiric Draining              Necromancy                   3
   c - Agony                          Necromancy                   5
   d - Dispel Undead                  Necromancy                   5
   e - Deflect Missiles               Charms/Air                   6
   f - Haunt                          Necromancy/Summoning         7
 B - Sif Muna's Papyrus of Entrancing Displacement
   (Sif Muna gifted it to you on level 14 of the Dungeon)

   Spells                             Type                      Level
   a - Spectral Weapon                Hexes/Charms                 3
   b - Confuse                        Hexes                        3
   c - Lesser Beckoning               Translocation                3
   d - Fulminant Prism                Conjuration/Hexes            4
   e - Summon Mana Viper              Hexes/Summoning              5
 M - a book of Summonings

   Spells                             Type                      Level
   a - Recall                         Summoning/Translocation      3
   b - Aura of Abjuration             Summoning                    5
   c - Summon Demon                   Summoning                    5
   d - Summon Forest                  Summoning/Translocation      5
   e - Summon Mana Viper              Hexes/Summoning              5
   f - Shadow Creatures               Summoning                    6
Comestibles
 c - 52 rations
 v - 2 chunks of flesh


   Skills:
 - Level 10.0 Fighting
 - Level 10.3 Dodging
 - Level 11.0 Stealth
 - Level 4.4 Shields
 + Level 15.5 Spellcasting
 * Level 18.2 Summonings
 - Level 5.4 Translocations
 - Level 11.9 Invocations


You had 2 spell levels left.
You knew the following spells:

 Your Spells              Type           Power        Failure   Level  Hunger
a - Ozocubu's Armour      Chrm/Ice       ###.....     9%          3    None
b - Call Imp              Summ           #######.     0%          2    None
c - Call Canine Familiar  Summ           #######.     0%          3    None
d - Summon Ice Beast      Ice/Summ       ######..     1%          4    None
e - Summon Lightning Spi  Summ/Air       ######..     1%          4    None
f - Regeneration          Chrm/Necr      ###.......   9%          3    None
g - Recall                Summ/Tloc      N/A          1%          3    None
h - Summon Butterflies    Summ           #######.     0%          1    None
i - Monstrous Menagerie   Summ           #######...   1%          7    None
j - Summon Hydra          Summ           #######...   1%          7    None
k - Passage of Golubria   Tloc           N/A          2%          4    None
l - Blink                 Tloc           N/A          1%          2    None
m - Apportation           Tloc           ######       1%          1    None


Dungeon Overview and Level Annotations

Branches:
Dungeon (15/15)            Temple (1/1) D:4            Lair (6/6) D:9
  Swamp (4/4) Lair:4       Spider (3/4) Lair:3        Slime (0/5) Lair:6
    Orc (2/2) D:10            Elf (0/3) Orc:2        Vaults (0/5) D:14
 Depths (0/5) D:15

Altars:
Ashenzari
Cheibriados
Dithmenos
Elyvilon
Fedhas
Gozag
Hepliaklqana
Kikubaaqudgha
Makhleb
Nemelex Xobeh
Okawaru
Qazlal
Ru
Sif Muna
Trog
Uskayaw
Vehumet
Wu Jian
Xom
Yredelemnul
Zin
The Shining One

Shops:
D:4 (!   D:14 (   Orc:1 *   Orc:2 [!**

Annotations:
D:10 exclusion: upstairs
Spider:3 Arachne


Message History

Arachne casts a spell.
Arachne blinks!
Your eight-headed hydra is caught in a web!
You feel sick.
Your eight-headed hydra struggles to get unstuck from the web.
Your eight-headed hydra struggles to get unstuck from the web.
Arachne hits your eight-headed hydra with a staff of poison.
You feel sick.
Arachne says, "No one escapes my webs."
Arachne hits your eight-headed hydra with a staff of poison!!
Your eight-headed hydra is poisoned.
Your eight-headed hydra struggles to get unstuck from the web.
Arachne completely misses your eight-headed hydra.
Your eight-headed hydra pulls away from the web.
You feel sick.
Arachne stares at you and mumbles some strange words.
The bolt of poison misses your eight-headed hydra.
The bolt of poison hits you!
You are more poisoned.
You die...

.##.#.#.### ##...#
..#.#.....###....#
..#..^.....##....#
..##..#####......#
..^####. ##†.####
........ #..(.##
...##### #####.#
#### #.## ##@#
#####..# #...DD.#
##.H#### ##^#
#H...# .....#
......# ...#...#


You could see Arachne, a friendly eight-headed hydra and a friendly five-headed
hydra.

Vanquished Creatures
  3 freezing wraiths (IceCv)
  5 draconian simulacra (IceCv)
  A troll simulacrum (IceCv)
  2 centaur simulacra (IceCv)
  7 white imps (IceCv)
18 creatures vanquished.

Vanquished Creatures (collateral kills)
  Nikola (Spider:1)
  Jorgrun (Swamp:2)
  Asterion (Spider:2)
  3 thorn hunters
  Roxanne (Swamp:4)
  Kirke (Lair:5)
  The ghost of KristoblXynda the Cardsharp, an adept DrCj of Nemelex Xobeh (Spider:1)
  A fire giant (D:14)
  An emperor scorpion (Spider:3)
  The ghost of Xenophilius the Brawler, a journeyman TrFi of Cheibriados (Orc:2)
  2 entropy weavers (Spider:1)
  Nessos (D:15)
  A vampire knight (D:14)
  The ghost of mortelune the Frost Mage, a journeyman DsIE of Ashenzari (Orc:2)
  A spark wasp (Spider:3)
  Snorg (Lair:3)
  A yaktaur captain (D:15)
  2 fire dragons
  Josephine (D:10)
  Harold (Orc:1)
  18 hydras
  11 vault guards (D:14)
  A ghost crab (Swamp:2)
  Erolcha (Orc:1)
  A rakshasa (D:14)
  5 centaur warriors
  13 alligators
  A death knight (D:15)
  2 tengu warriors (D:13)
  A two-headed ogre (shapeshifter) (D:15)
  7 two-headed ogres
  A queen ant (Spider:1)
  7 death yaks
  3 orc high priests (Orc:2)
  A sun demon (Volcano)
  A hell knight (D:14)
  4 skeletal warriors (D:12)
  A spriggan druid (Swamp:4)
  2 wizards (D:14)
  4 shambling mangroves
  10 swamp dragons
  A lindwurm (Lair:6)
  9 ugly things
  9 orc knights
  20 wolf spiders
  A deep elf mage (D:13)
  A manticore (D:12)
  A necromancer (IceCv)
  5 orb spiders
  5 orc sorcerers
  5 cyclopes
  2 oklob plants
  9 black mambas
  A centaur zombie (D:14)
  Maurice (D:9)
  2 torpor snails
  An ice statue (IceCv)
  2 rust devils (D:9)
  A guardian serpent (Lair:6)
  18 elephants
  Psyche (D:11)
  19 spiny frogs
  5 gargoyles
  A kobold demonologist (D:13)
  11 komodo dragons
  6 rime drakes
  5 demonic crawlers
  A yaktaur (D:15)
  7 freezing wraiths (IceCv)
  8 trolls
  2 queen bees
  3 polar bears
  6 meliai
  8 jumping spiders
  14 hornets
  8 tyrant leeches
  20 slime creatures
  Grinder (D:6)
  Prince Ribbit (D:7)
  12 hippogriffs
  7 bog bodies
  A meliai zombie (D:14)
  24 blink frogs
  A vampire (D:10)
  A human (D:7)
  49 redbacks
  6 spriggans
  A tarantella (shapeshifter) (D:13)
  12 tarantellas
  9 wyverns
  Eustachio (D:4)
  38 yaks
  7 basilisks
  6 wraiths
  8 hogs
  Sigmund (D:2)
  2 hungry ghosts
  2 steam dragons
  21 vampire mosquitoes
  2 death yak simulacra (IceCv)
  Menkaure (D:5)
  20 swamp worms
  18 insubstantial wisps
  3 wargs (Orc:2)
  5 soldier ants
  5 acid dragons
  12 porcupines
  24 water moccasins
  5 hell hounds (Volcano)
  42 orc warriors
  4 sky beasts
  3 black bears
  2 eyes of draining
  16 ice beasts
  14 swamp drakes
  2 necrophages
  16 wolves
  An alligator simulacrum (IceCv)
  7 ogres
  3 phantoms
  5 boggarts (D:13)
  13 centaurs
  13 crocodiles
  3 elf zombies (Ossuary)
  2 big kobolds
  16 bullfrogs
  A wyvern zombie (D:13)
  A wyvern skeleton (D:13)
  2 scorpions
  64 killer bees
  An electric eel (D:7)
  8 wights
  4 howler monkeys
  7 crimson imps
  3 jellies
  A quasit (D:10)
  A bullfrog zombie (D:7)
  3 draconian simulacra (IceCv)
  19 orc priests
  8 hounds
  A human zombie (Ossuary)
  2 bullfrog skeletons
  8 centaur skeletons
  6 iguanas
  Jessica (D:2)
  35 orc wizards
  12 hell rats
  18 worker ants
  3 troll simulacra (IceCv)
  A big kobold zombie (Ossuary)
  A wolf simulacrum (IceCv)
  A centaur simulacrum (IceCv)
  2 hound zombies (Ossuary)
  3 mummies (Ossuary)
  11 gnolls
  A howler monkey skeleton (D:7)
  7 adders
  2 ogre simulacra (IceCv)
  3 naga simulacra (IceCv)
  4 shadow imps
  5 white imps (IceCv)
  An ooze (D:1)
  5 adder zombies (Ossuary)
  4 adder skeletons
  18 worms
  2 dart slugs (D:1)
  7 leopard geckos
  78 orcs
  10 bats
  4 giant cockroaches
  2 gnoll zombies (Ossuary)
  36 goblins
  26 hobgoblins
  2 jackals (D:4)
  3 quokkas
  A ball python (D:3)
  A ball python skeleton (D:4)
  7 frilled lizards
  A giant cockroach zombie (D:6)
  5 goblin zombies (Ossuary)
  2 hobgoblin zombies (Ossuary)
  3 jackal zombies (Ossuary)
  30 kobolds
  3 kobold zombies (Ossuary)
  A leopard gecko zombie (D:5)
  2 orc zombies (Ossuary)
  2 quokka skeletons
  9 quokka zombies
  9 rats
  A rat zombie (Ossuary)
  A briar patch (Swamp:4)
  A bush (Lair:6)
  8 fungi
  5 plants
1346 creatures vanquished.

Vanquished Creatures (others)
  A vault guard (D:14)
  An unseen horror (D:10)
  2 gargoyles (D:1)
  An elf (D:1)
  A troll (D:1)
  2 formicids (D:1)
  A human (D:1)
  A swamp worm (Swamp:2)
  A dwarf (D:1)
  An ogre (D:1)
  A centaur (D:1)
  2 kobolds (D:1)
  3 briar patches (Swamp:3)
  A bush (Lair:6)
  23 fungi
  31 plants
  5 tentacles (D:1)
78 creatures vanquished.

Grand Total: 1442 creatures vanquished

Notes
Turn   | Place    | Note
-------+----------+-------------------------------------------
     0 | D:1      | kuniqs the Deep Elf Summoner began the quest for the Orb.
     0 | D:1      | Reached XP level 1. HP: 10/10 MP: 6/6
     0 | D:1      | Noticed a dwarf
     0 | D:1      | Noticed an ogre
     0 | D:1      | Noticed a troll
     0 | D:1      | Noticed an elf
     0 | D:1      | Noticed a gargoyle
     0 | D:1      | Noticed a centaur
     0 | D:1      | Noticed a kraken
     0 | D:1      | Noticed a formicid
     0 | D:1      | Noticed a formicid
     0 | D:1      | Noticed a gargoyle
     0 | D:1      | Noticed a human
     3 | D:1      | Killed a gargoyle
     4 | D:1      | Killed a formicid
     4 | D:1      | Killed a centaur
     6 | D:1      | Killed a human
     7 | D:1      | Killed a gargoyle
     7 | D:1      | Killed a formicid
     7 | D:1      | Killed an ogre
     8 | D:1      | Killed a troll
     8 | D:1      | Killed a dwarf
     9 | D:1      | Killed an elf
   254 | D:1      | Reached XP level 2. HP: 15/15 MP: 5/8
   258 | D:1      | Learned a level 2 spell: Call Imp
   612 | D:1      | Reached skill level 5 in Summonings
   884 | D:2      | Reached XP level 3. HP: 19/19 MP: 10/10
   889 | D:2      | Learned a level 3 spell: Call Canine Familiar
  1035 | D:2      | Noticed Sigmund
  1062 | D:2      | Killed Sigmund
  1062 | D:2      | Reached skill level 6 in Summonings
  1062 | D:2      | Reached XP level 4. HP: 24/24 MP: 2/12
  1203 | D:2      | Learned a level 4 spell: Summon Ice Beast
  1231 | D:2      | Found a glowing golden altar of the Shining One.
  1259 | D:2      | Noticed Jessica
  1269 | D:2      | Killed Jessica
  1528 | D:3      | Reached XP level 5. HP: 28/28 MP: 10/14
  2213 | D:3      | Reached skill level 5 in Spellcasting
  2361 | D:4      | Found a stormy altar of Qazlal.
  2372 | D:4      | Found a staircase to the Ecumenical Temple.
  2378 | Temple   | Entered the Ecumenical Temple
  2484 | D:4      | Found Oggaut's Distillery.
  2484 | D:4      | Noticed a phantom
  2506 | D:4      | Killed a phantom
  2506 | D:4      | Reached skill level 7 in Summonings
  2509 | D:4      | Bought a potion of heal wounds for 65 gold pieces
  2509 | D:4      | Bought a potion of heal wounds for 65 gold pieces
  2509 | D:4      | Bought a potion of curing for 39 gold pieces
  2560 | D:4      | Noticed Eustachio
  2569 | D:4      | Killed Eustachio
  2569 | D:4      | Reached XP level 6. HP: 32/32 MP: 11/16
  2622 | D:4      | Found a sand-covered staircase.
  2629 | Ossuary  | Entered an ossuary
  2975 | Ossuary  | Reached skill level 8 in Summonings
  2975 | Ossuary  | Reached XP level 7. HP: 36/36 MP: 16/18
  3215 | D:4      | Found Ziannack's Weapon Boutique.
  3233 | D:4      | Found a glowing silver altar of Zin.
  3331 | D:5      | Entered Level 5 of the Dungeon
  3381 | D:5      | Found an iron altar of Okawaru.
  3381 | D:5      | Found an opulent altar of Gozag.
  3587 | D:5      | Noticed Menkaure
  3620 | D:5      | Killed Menkaure
  4280 | D:6      | Learned a level 4 spell: Summon Lightning Spire
  4507 | D:6      | Noticed Grinder
  4552 | D:6      | Killed Grinder
  4552 | D:6      | Reached skill level 9 in Summonings
  4696 | D:6      | Found a snail-covered altar of Cheibriados.
  5115 | D:7      | Noticed a rime drake
  5115 | D:7      | an electric eel changed into a rime drake
  5123 | D:7      | Killed a rime drake
  5123 | D:7      | Reached XP level 8. HP: 38/41 MP: 5/21
  5157 | D:7      | Noticed a moth of wrath
  5160 | D:7      | Found a bloodstained altar of Trog.
  5309 | D:7      | Found a shattered altar of Ashenzari.
  5645 | D:7      | Reached skill level 10 in Summonings
  5700 | D:7      | Found a shadowy altar of Dithmenos.
  6244 | D:7      | Noticed Prince Ribbit
  6255 | D:7      | Killed Prince Ribbit
  6273 | D:7      | Reached skill level 11 in Summonings
  7214 | D:9      | Reached XP level 9. HP: 45/45 MP: 20/24
  7348 | D:9      | Noticed a two-headed ogre
  7359 | D:9      | Killed a two-headed ogre
  7359 | D:9      | Reached skill level 10 in Spellcasting
  7359 | D:9      | Reached skill level 12 in Summonings
  7411 | D:9      | Found an ancient bone altar of Kikubaaqudgha.
  7427 | D:9      | Found a deep blue altar of Sif Muna.
  7429 | D:9      | Found a staircase to the Lair.
  7435 | D:9      | Found a sparkling altar of Nemelex Xobeh.
  7436 | D:9      | Became a worshipper of Sif Muna the Loreminder
  8406 | D:9      | Reached * piety under Sif Muna
  8488 | D:10     | Entered Level 10 of the Dungeon
  8601 | D:10     | Noticed Josephine
  8611 | D:10     | Killed Josephine
  8611 | D:10     | Reached skill level 13 in Summonings
  8662 | D:10     | Reached XP level 10. HP: 50/50 MP: 14/27
  8709 | D:9      | Noticed a rust devil
  8709 | D:9      | Noticed a rust devil
  8709 | D:9      | Noticed Maurice
  8790 | D:10     | Noticed a two-headed ogre
  8797 | D:10     | Killed a two-headed ogre
  8797 | D:10     | Reached ** piety under Sif Muna
  8951 | D:10     | Noticed a two-headed ogre
  8970 | D:10     | Killed a two-headed ogre
  8994 | D:10     | Noticed a two-headed ogre
  9004 | D:10     | Killed a two-headed ogre
  9004 | D:10     | Reached skill level 1 in Fighting
  9365 | D:10     | Found a staircase to the Orcish Mines.
  9448 | D:10     | Reached skill level 14 in Summonings
  9479 | D:10     | Noticed a centaur warrior
  9495 | D:10     | Killed a centaur warrior
  9609 | D:10     | Found a blossoming altar of Fedhas.
  9997 | D:11     | Found a flagged portal.
 10035 | D:11     | Identified the +7 hand axe "Ydukyta" {freeze, MR+ Str+4} (You found it on level 11 of the Dungeon)
 10060 | Bailey   | Entered a bailey
 10193 | Bailey   | Noticed an orc knight
 10194 | Bailey   | Noticed an orc knight
 10194 | Bailey   | Noticed an orc knight
 10210 | Bailey   | Killed an orc knight
 10223 | Bailey   | Killed an orc knight
 10241 | Bailey   | Killed an orc knight
 10349 | D:11     | Reached XP level 11. HP: 60/60 MP: 14/29
 10350 | D:11     | Reached *** piety under Sif Muna
 10597 | D:11     | Learned a level 3 spell: Ozocubu's Armour
 10938 | D:11     | Noticed Psyche
 10951 | D:11     | Killed Psyche
 11033 | D:10     | Killed an unseen horror
 11060 | D:10     | Got a steaming whip
 11061 | D:10     | Identified the +3 whip of World Downfall {vamp, MP+9} (You found it on level 10 of the Dungeon)
 11307 | D:12     | Noticed a purple ugly thing
 11324 | D:12     | Killed a purple ugly thing
 11455 | D:12     | Reached skill level 15 in Summonings
 11514 | D:12     | Noticed a red ugly thing
 11528 | D:12     | Killed a red ugly thing
 11961 | D:12     | Learned a level 3 spell: Regeneration
 12041 | D:12     | Noticed a white ugly thing
 12070 | D:12     | Killed a white ugly thing
 12574 | D:12     | Reached **** piety under Sif Muna
 12592 | D:12     | Noticed a skeletal warrior
 12592 | D:12     | Noticed a skeletal warrior
 12610 | D:12     | Killed a skeletal warrior
 12618 | D:12     | Killed a skeletal warrior
 12642 | D:12     | Noticed a skeletal warrior
 12653 | D:12     | Killed a skeletal warrior
 12660 | D:12     | Noticed a skeletal warrior
 12668 | D:12     | Killed a skeletal warrior
 12769 | D:12     | Noticed a two-headed ogre
 12781 | D:12     | Killed a two-headed ogre
 13041 | D:13     | Noticed a centaur warrior
 13054 | D:13     | Killed a centaur warrior
 13319 | D:13     | Noticed a deep elf mage
 13321 | D:13     | Killed a deep elf mage
 13352 | D:13     | Reached skill level 5 in Fighting
 13454 | D:13     | Noticed a tengu warrior
 13457 | D:13     | Noticed a tengu warrior
 13645 | D:13     | Killed a tengu warrior
 13653 | D:13     | Killed a tengu warrior
 13729 | D:13     | Noticed a centaur warrior
 13744 | D:13     | Killed a centaur warrior
 13754 | D:13     | Reached skill level 5 in Stealth
 13754 | D:13     | Reached XP level 12. HP: 60/68 MP: 2/31
 13848 | D:13     | Noticed a five-headed hydra
 13852 | D:13     | Noticed an eight-headed hydra
 14037 | D:13     | Reached skill level 5 in Dodging
 14120 | D:13     | Noticed a two-headed ogre
 14422 | Lair:1   | Entered Level 1 of the Lair of Beasts
 14483 | Lair:1   | Found a stormy altar of Qazlal.
 15833 | Lair:2   | Reached skill level 1 in Shields
 16308 | Lair:2   | Noticed a six-headed hydra
 16315 | Lair:2   | Killed a six-headed hydra
 16709 | Lair:3   | Learned a level 3 spell: Recall
 16941 | Lair:3   | Found a hole to the Spider Nest.
 17200 | Lair:3   | Noticed Snorg
 17218 | Lair:3   | Killed Snorg
 18176 | Lair:4   | Found a staircase to the Swamp.
 18514 | Lair:5   | Reached ***** piety under Sif Muna
 18679 | Lair:5   | Identified Iseosh's Catalogue of Creative Flight (Sif Muna gifted it to you on level 5 of the Lair of Beasts)
 18679 | Lair:5   | Received a gift from Sif Muna
 18685 | Lair:5   | Learned a level 1 spell: Summon Butterflies
 18693 | Lair:5   | Learned a level 7 spell: Monstrous Menagerie
 18701 | Lair:5   | Learned a level 7 spell: Summon Hydra
 18813 | Lair:5   | Found a sparkling altar of Nemelex Xobeh.
 18815 | Lair:5   | Noticed a five-headed hydra
 18821 | Lair:5   | Killed a five-headed hydra
 19492 | Lair:5   | Reached XP level 13. HP: 76/76 MP: 32/32
 19724 | Lair:5   | Noticed Kirke
 19735 | Lair:5   | Noticed a sphinx
 19735 | Lair:5   | Killed Kirke
 19777 | Lair:5   | Got a fine leather armour
 19778 | Lair:5   | Identified the +3 leather armour of the Ancient Deaths {rElec Str+5 Int-2} (You found it on level 5 of the Lair of Beasts)
 19915 | Lair:6   | Entered Level 6 of the Lair of Beasts
 19916 | Lair:6   | ARGH
 19933 | Lair:6   | DAMN
 20024 | Lair:6   | Found a staircase to the Slime Pits.
 20293 | Lair:6   | Reached skill level 10 in Stealth
 20376 | Lair:6   | Noticed a fire dragon
 20380 | Lair:6   | Killed a fire dragon
 20771 | Lair:6   | Reached skill level 10 in Dodging
 22087 | D:9      | Killed Maurice
 22164 | Orc:1    | Entered Level 1 of the Orcish Mines
 22231 | Orc:1    | Found a burning altar of Makhleb.
 22348 | Orc:1    | Found Nausiowi's Assorted Antiques.
 22389 | Orc:1    | Noticed Harold
 22401 | Orc:1    | Killed Harold
 22460 | Orc:1    | Bought an inky potion for 27 gold pieces
 22460 | Orc:1    | Bought a scroll labeled VAMAUQ NYRULI for 30 gold pieces
 22460 | Orc:1    | Bought 2 sedimented yellow potions for 54 gold pieces
 22541 | Orc:1    | Bought an embroidered hat for 210 gold pieces
 22603 | Orc:2    | Entered Level 2 of the Orcish Mines
 22717 | Orc:2    | Noticed mortelune's ghost (journeyman DsIE)
 22728 | Orc:2    | Killed mortelune's ghost
 22798 | Orc:2    | Found a dark tunnel.
 22803 | Volcano  | Entered a volcano
 23118 | Orc:1    | Noticed Erolcha
 23125 | Orc:1    | Killed Erolcha
 23125 | Orc:1    | Reached XP level 14. HP: 86/86 MP: 33/33
 23371 | Orc:2    | Reached skill level 1 in Invocations
 23405 | Orc:2    | Found a staircase to the Elven Halls.
 23460 | Orc:2    | Noticed Xenophilius's ghost (journeyman TrFi)
 23473 | Orc:2    | Killed Xenophilius's ghost
 23654 | Orc:2    | Found Uxoesh's General Store.
 23729 | Orc:2    | Reached skill level 10 in Fighting
 23815 | Orc:2    | Found Ypuidd's Assorted Antiques.
 23821 | Orc:2    | Found Plog's Distillery.
 23825 | Orc:2    | Found Doirauz's Armour Boutique.
 23833 | Orc:2    | Bought a potion of magic for 120 gold pieces
 23833 | Orc:2    | Bought a potion of mutation for 120 gold pieces
 23833 | Orc:2    | Bought a potion of haste for 150 gold pieces
 23833 | Orc:2    | Bought a potion of brilliance for 60 gold pieces
 23833 | Orc:2    | Bought a potion of invisibility for 120 gold pieces
 23833 | Orc:2    | Bought a potion of lignification for 45 gold pieces
 23833 | Orc:2    | Bought a potion of flight for 45 gold pieces
 23844 | Orc:2    | Bought 3 scrolls of teleportation for 135 gold pieces
 23846 | Orc:2    | Bought a blackened brass ring for 160 gold pieces
 23846 | Orc:2    | Bought a scroll of identify for 64 gold pieces
 23846 | Orc:2    | Bought a scroll of fog for 64 gold pieces
 23846 | Orc:2    | Bought a potion of heal wounds for 160 gold pieces
 23846 | Orc:2    | Bought a scroll of identify for 64 gold pieces
 23867 | Orc:2    | Reached XP level 15. HP: 92/92 MP: 34/34
 24328 | D:14     | Found a gate to the Vaults.
 24549 | D:14     | Identified Sif Muna's Papyrus of Entrancing Displacement (Sif Muna gifted it to you on level 14 of the Dungeon)
 24549 | D:14     | Received a gift from Sif Muna
 24723 | D:14     | Found Cuifi's Antique Weapon Boutique.
 24730 | D:14     | Bought a translucent dagger for 217 gold pieces
 24730 | D:14     | Identified the +9 dagger "Mucro" {freeze, rC+ Int+3} (You bought it in a shop on level 14 of the Dungeon)
 24897 | D:14     | Reached skill level 10 in Invocations
 25500 | D:14     | Noticed a fire giant
 25514 | D:14     | Killed a fire giant
 25725 | D:14     | Found the +0 sword of Power
 25814 | D:15     | Entered Level 15 of the Dungeon
 25883 | D:15     | Found a frozen archway.
 25892 | IceCv    | Entered an ice cave
 26175 | IceCv    | Found an ancient bone altar of Kikubaaqudgha.
 27021 | D:15     | Noticed Nessos
 27031 | D:15     | Killed Nessos
 27175 | D:15     | Found a staircase to the Depths.
 27506 | Swamp:1  | Entered Level 1 of the Swamp
 27577 | Swamp:1  | Reached skill level 16 in Summonings
 28518 | Swamp:2  | Noticed Jorgrun
 28533 | Swamp:2  | Killed Jorgrun
 28895 | Swamp:2  | Found an opulent altar of Gozag.
 28907 | Swamp:2  | Identified Sif Muna's Reference Book on Blows and Bruises (Sif Muna gifted it to you on level 2 of the Swamp)
 28907 | Swamp:2  | Received a gift from Sif Muna
 29043 | Swamp:2  | Learned a level 4 spell: Passage of Golubria
 29272 | Swamp:3  | Noticed a thorn hunter
 29285 | Swamp:3  | Killed a thorn hunter
 29285 | Swamp:3  | Reached skill level 1 in Translocations
 29319 | Swamp:3  | Reached XP level 16. HP: 76/97 MP: 32/36
 29417 | Swamp:3  | Noticed a thorn hunter
 29421 | Swamp:3  | Killed a thorn hunter
 29985 | Swamp:4  | Entered Level 4 of the Swamp
 30275 | Swamp:4  | Noticed a thorn hunter
 30282 | Swamp:4  | Killed a thorn hunter
 30313 | Swamp:4  | Reached skill level 17 in Summonings
 30547 | Swamp:4  | Noticed Roxanne
 30569 | Swamp:4  | Killed Roxanne
 30578 | Swamp:4  | Reached skill level 5 in Translocations
 30706 | Swamp:4  | Identified Roxanne's Reference Book on Clay (You took it off Roxanne on level 4 of the Swamp)
 30802 | Swamp:4  | Identified Sif Muna's Catalogue of Creative Orientation (Sif Muna gifted it to you on level 4 of the Swamp)
 30802 | Swamp:4  | Received a gift from Sif Muna
 30893 | Swamp:4  | Learned a level 2 spell: Blink
 30983 | Swamp:4  | Got a decaying rune of Zot
 31410 | Spider:1 | Entered Level 1 of the Spider Nest
 31424 | Spider:1 | Noticed KristoblXynda's ghost (adept DrCj)
 31439 | Spider:1 | Killed KristoblXynda's ghost
 31748 | Spider:1 | Noticed Nikola
 31760 | Spider:1 | Killed Nikola
 32134 | Spider:1 | Reached skill level 15 in Spellcasting
 32191 | Spider:1 | Learned a level 1 spell: Apportation
 32535 | Spider:2 | Noticed Asterion
 32602 | Spider:2 | Noticed an Executioner
 32619 | Spider:2 | Killed Asterion
 33725 | Spider:2 | Reached skill level 18 in Summonings
 34093 | Spider:3 | Identified Sif Muna's Almanac of Doomed Aid (Sif Muna gifted it to you on level 3 of the Spider Nest)
 34093 | Spider:3 | Received a gift from Sif Muna
 34444 | Spider:3 | Noticed Arachne
 34467 | Spider:3 | Killed from afar by Arachne

Vault maps used:
D:1:      nicolae_arrival_kraken_aquarium_a, minmay_crystal_water,
          minmay_misc_feat_chi, kennysheep_pointless_box, minmay_tromino_v4_b
D:2:      lemuel_crystal_altar, guppyfry_early_orc_mine, uniq_jessica,
          uniq_sigmund
D:3:      first_ration, kennysheep_nub
D:4:      minmay_goblin_kobold_castle, lemuel_doored_altar, lemuel_round_altar,
          minmay_temple_entry_grid, nicolae_ossuary_entry_monument,
          serial_shops, shop, nicolae_shop_trees, minivault_25, uniq_eustachio
D:5:      gammafunk_temple_overflow_statue, kennysheep_nondescript,
          minivault_23, uniq_menkaure
D:6:      kennysheep_mini_moat, uniq_grinder
D:7:      tgw_trog, grunt_livestock, kennysheep_diamond,
          grunt_dithmenos_smoke_and_mirrors, uniq_prince_ribbit1
D:9:      cheibrodos_iron_armory, grunt_temple_overflow_open, basic_altar,
          uniq_maurice
D:10:     minmay_diamond_stairs, david_orc_4, basic_altar, uniq_josephine
D:11:     enter_bailey_2, uniq_psyche
D:13:     hex_tiny, serial_bayou_crossing
D:14:     minmay_guarded_unrand_sword_of_power,
          lightli_vaults_fourway_checkpoint, serial_shops,
          nicolae_shop_statue_plus
D:15:     grunt_enter_depths_snipers, minmay_misc_feat_columns,
          portal_ice_cave_entry_ice_beasts, uniq_nessos
Temple:   cyrus_circular_temple
Lair:1:   special_room, nicolae_quartered_pool_medium, lemuel_oklob_altar
Lair:2:   serial_forest, infiniplex_forest_clump_C,
          infiniplex_forest_clump_double, infiniplex_forest_zigzag_2,
          infiniplex_forest_lined_1, infiniplex_forest_lined_room_2,
          infiniplex_forest_straight_2, grunt_forest_stairs_clearing,
          grunt_megastairs_3
Lair:3:   spider_nest_entry_web_field, lemuel_fruit_fields, grunt_megastairs_2,
          serial_bayou_shore_b, uniq_snorg
Lair:4:   minmay_swamp_entry_wisps
Lair:5:   regret_index_combs_of_tragedy, basic_altar, st_stairs_5,
          serial_bayou_shore_b, uniq_kirke
Lair:6:   hangedman_lair_tendril_chambers, guppyfry_lair_end_dragon,
          minmay_slime_entry_pillars, worms_lemuel, serial_bayou_shore_b,
          infiniplex_staircase_pool
Swamp:1:  serial_swamp_ruin, evilmike_swamp_ruin_house_5,
          evilmike_swamp_ruin_house_6, evilmike_swamp_ruin_house_2
Swamp:2:  nicolae_swamp_godswood, nicolae_swamp_oklob_treasure_island,
          uniq_jorgrun
Swamp:3:  nicolae_swamp_trees_clearing
Swamp:4:  swamp, swamp_pool2, uniq_roxanne
Spider:1: nicolae_spider_ant_collections, uniq_nikola
Spider:2: spiders_nest_spider_trap, uniq_asterion
Spider:3: uniq_arachne
Orc:1:    serial_shops, nicolae_shop_overgrown_old_shop, bloody_makhleb,
          uniq_harold, uniq_erolcha
Orc:2:    st_orc_elflike, enter_volcano_4
Ossuary:  minmay_ossuary_two_tombs
Bailey:   bailey_axe_1, bailey
IceCv:    ice_cave_small_necro
Volcano:  volcano_pools

Skill      XL: |  1  2  3  4  5  6  7  8  9 10 11 12 13 14 15 16 |
---------------+-------------------------------------------------+-----
Summonings     | 5 6 7 8 9 11 13 14 15 16 18 | 18.2
Spellcasting   | 4 5 6 7 9 11 12 13 14 15 | 15.5
Fighting       | 3 5 7 9 10 | 10.0
Dodging        | 4 8 10 | 10.3
Stealth        | 5 8 11 | 11.0
Shields        | 3 4 |  4.4
Invocations    | 7 11 | 11.9
Translocations | 1 5 |  5.4

Action                   |  1- 3 |  4- 6 |  7- 9 | 10-12 | 13-15 | 16-18 || total
-------------------------+-------+-------+-------+-------+-------+-------++-------
Melee: Hand axe          |       |       |       |     1 |       |       ||     1
 Cast: Summon Small Mamm |    15 |       |       |       |       |       ||    15
       Call Imp          |    17 |    21 |     1 |     1 |       |       ||    40
       Call Canine Famil |     3 |    22 |    37 |    78 |     8 |       ||   148
       Summon Ice Beast  |       |       |    59 |   232 |    19 |       ||   310
       Summon Lightning  |       |       |       |    49 |     2 |       ||    51
       Ozocubu's Armour  |       |       |       |     8 |     7 |     6 ||    21
       Monstrous Menager |       |       |       |    12 |   173 |   120 ||   305
       Regeneration      |       |       |       |     3 |    12 |    17 ||    32
       Summon Hydra      |       |       |       |       |    42 |    30 ||    72
       Summon Butterflie |       |       |       |       |       |     1 ||     1
Invok: Divine Energy     |       |       |       |     1 |       |       ||     1
       Channel Magic     |       |       |       |       |     1 |     1 ||     2
Evoke: Wand              |       |       |     1 |     3 |       |     3 ||     7
       Lamp of fire      |       |       |       |       |     1 |       ||     1
  Use: Potion            |       |       |     1 |       |     7 |     7 ||    15
       Scroll            |       |       |       |    19 |    21 |     5 ||    45
  Eat: Chunk             |     1 |     6 |    15 |    37 |    55 |    14 ||   128
       Ration            |       |       |     1 |       |     2 |     1 ||     4
Armor: Robe              |    12 |       |       |    17 |    22 |       ||    51
       Leather armour    |       |    20 |    18 |    84 |    26 |    55 ||   203
Dodge: Dodged            |    20 |    34 |    46 |   210 |   199 |    99 ||   608
Block: Buckler           |       |       |       |    32 |    86 |    55 ||   173
       Reflection        |       |       |       |       |     4 |     1 ||     5

Table legend:
 A = Spawn XP
 B = Non-spawn XP
 C = Spawn XP percentage of total XP
 D = Spawn monster count
 E = Non-spawn monster count
 F = Spawn count percentage of total count
 G = Total turns spent on level
                    A         B        C        D         E        F      G
               +---------+---------+-------+---------+---------+-------+---------
         Total |       0 |  157883 |   0.0 |       0 |    1351 |   0.0 | 34467
               +---------+---------+-------+---------+---------+-------+---------
           D:1 |       0 |      34 |   0.0 |       0 |      25 |   0.0 |   802
           D:2 |       0 |     146 |   0.0 |       0 |      20 |   0.0 |   852
           D:3 |       0 |      86 |   0.0 |       0 |      28 |   0.0 |   693
           D:4 |       0 |     435 |   0.0 |       0 |      74 |   0.0 |  1263
           D:5 |       0 |     205 |   0.0 |       0 |       7 |   0.0 |   909
           D:6 |       0 |     382 |   0.0 |       0 |      18 |   0.0 |   691
           D:7 |       0 |    1219 |   0.0 |       0 |      27 |   0.0 |  1608
           D:8 |       0 |     197 |   0.0 |       0 |       6 |   0.0 |   794
           D:9 |       0 |    2224 |   0.0 |       0 |      28 |   0.0 |   568
          D:10 |       0 |    4983 |   0.0 |       0 |      59 |   0.0 |  1744
          D:11 |       0 |    1921 |   0.0 |       0 |      39 |   0.0 |  1264
          D:12 |       0 |    5393 |   0.0 |       0 |      54 |   0.0 |  2169
          D:13 |       0 |    5127 |   0.0 |       0 |      40 |   0.0 |   932
          D:14 |       0 |   16751 |   0.0 |       0 |      74 |   0.0 |  1604
          D:15 |       0 |    4848 |   0.0 |       0 |      32 |   0.0 |   894
        Lair:1 |       0 |    3086 |   0.0 |       0 |      52 |   0.0 |  1387
        Lair:2 |       0 |    2305 |   0.0 |       0 |      21 |   0.0 |   916
        Lair:3 |       0 |    2472 |   0.0 |       0 |      23 |   0.0 |   965
        Lair:4 |       0 |    1347 |   0.0 |       0 |      15 |   0.0 |   859
        Lair:5 |       0 |    9642 |   0.0 |       0 |      88 |   0.0 |  1642
        Lair:6 |       0 |   17560 |   0.0 |       0 |     121 |   0.0 |  1746
       Swamp:1 |       0 |    5103 |   0.0 |       0 |      32 |   0.0 |   746
       Swamp:2 |       0 |    9422 |   0.0 |       0 |      33 |   0.0 |  1046
       Swamp:3 |       0 |    8652 |   0.0 |       0 |      39 |   0.0 |   938
       Swamp:4 |       0 |   16004 |   0.0 |       0 |      61 |   0.0 |  1136
      Spider:1 |       0 |    8166 |   0.0 |       0 |      34 |   0.0 |   878
      Spider:2 |       0 |    8972 |   0.0 |       0 |      55 |   0.0 |  1605
      Spider:3 |       0 |    5455 |   0.0 |       0 |      22 |   0.0 |   574
         Orc:1 |       0 |    1554 |   0.0 |       0 |      22 |   0.0 |   515
         Orc:2 |       0 |    7637 |   0.0 |       0 |      69 |   0.0 |  1302
       Ossuary |       0 |     270 |   0.0 |       0 |      40 |   0.0 |   383
        Bailey |       0 |    1181 |   0.0 |       0 |      32 |   0.0 |   253
         IceCv |       0 |    4063 |   0.0 |       0 |      54 |   0.0 |   609
       Volcano |       0 |    1041 |   0.0 |       0 |       7 |   0.0 |   140
               +---------+---------+-------+---------+---------+-------+---------
